Map: Taito Citadel LE

Players

PrinceAbubu

  • Race: Zerg Zerg
  • League: Diamond
  • Spawn Location: 11:00

Anakin - Winner!

  • Race: Terran Terran
  • League: Diamond
  • Spawn Location: 5:00

VOD

Have the link to the VOD?

Description

Time

  • Played on: Dec. 2, 2025, 7:30 p.m.
  • Length: 8:38
Show
View Real Time Build Order
Export as new Build Order

PrinceAbubu Zerg 

Build Orders: Hatch First 

Get SALT Encoding   

  12  0:00  Drone  
  13  0:08  Drone  
  14  0:14  Extractor  
  14  0:15  Drone  
  15  0:22  Overlord  
  15  0:41  Drone  
  16  0:47  Hatchery  
  16  0:49  Drone  
  16  0:52  Drone  
  16  0:56  Drone  
  18  1:06  Extractor  
  17  1:11  Spawning Pool  
  17  1:14  Drone  
  17  1:17  Drone  
  18  1:30  Drone  
  19  1:39  Drone  
  20  1:48  Drone  
  21  1:59  Queen x2  
  21  2:01  Zergling x4  
  27  2:10  Overlord, Drone  
  27  2:11  Metabolic Boost  
  28  2:30  Drone x2  
  28  2:35  Queen, Drone x2  
  33  2:54  Queen  
  33  2:56  Drone  
  36  3:10  Hatchery  
  36  3:11  Drone  
  36  3:12  Overlord  
  36  3:13  Overlord  
  36  3:32  Drone  
  36  3:33  Drone x7  
  44  3:42  Drone  
  44  3:46  Queen  
  47  3:53  Queen  
  49  4:01  Overlord  
  49  4:02  Overlord  
  49  4:04  Drone x3  
  51  4:29  Zergling x12  
  51  4:30  Zergling x8  
  58  4:40  Queen  
  58  4:44  Queen  
  62  4:56  Lair  
  62  5:03  Drone  
  62  5:04  Baneling Nest, Drone x5  
  67  5:13  Drone x7  
  74  5:15  Overlord x3  
  74  5:27  Extractor  
  73  5:28  Extractor  
  73  5:29  Extractor  
  73  5:30  Hatchery  
  73  5:32  Drone x3  
  73  5:33  Drone x2  
  75  5:37  Drone  
  75  5:57  Drone, Extractor  
  75  5:58  Drone x2  
  75  5:59  Drone x3, Extractor  
  75  6:00  Drone x7  
  86  6:16  Infestation Pit  
  86  6:18  Drone x3  
  86  6:24  Centrifugal Hooks  
  86  6:25  Zergling x10  
  93  6:26  Evolution Chamber  
  93  6:27  Evolution Chamber  
  91  6:41  Zergling x20  
  88  6:56  Zergling x14  
  53  7:37  Drone x3  
  54  7:38  Drone x2  
  54  7:39  Zergling x4  
  54  7:40  Zergling x26  
  69  7:56  Spire  
  62  8:01  Baneling x11  
  62  8:02  Zergling x4, Baneling x6  
  62  8:03  Zergling x12  
Show
View Real Time Build Order
Export as new Build Order

Anakin Terran - Winner!

Build Orders: 2 Factory, Reaper Expand 

Get SALT Encoding   

  12  0:00  SCV  
  13  0:12  SCV  
  14  0:20  Supply Depot  
  14  0:24  SCV  
  15  0:42  SCV  
  16  0:45  Barracks  
  16  0:51  Refinery  
  16  0:54  SCV  
  16  0:55  Refinery  
  17  1:06  SCV  
  18  1:18  SCV  
  19  1:32  Orbital Command  
  19  1:37  Reaper  
  20  1:50  Command Center  
  20  1:59  SCV  
  21  2:09  Barracks Reactor  
  21  2:11  SCV  
  22  2:23  SCV, Factory  
  22  2:24  Supply Depot  
  23  2:46  SCV  
  24  2:58  SCV  
  24  3:06  Orbital Command  
  24  3:10  SCV  
  25  3:14  Hellion  
  25  3:15  Hellion  
  29  3:21  Factory  
  29  3:22  SCV  
  29  3:24  Factory  
  30  3:34  SCV  
  30  3:35  SCV  
  30  3:36  Hellion x2  
  36  3:43  Factory  
  36  3:46  SCV  
  36  3:48  SCV  
  38  3:52  Supply Depot  
  38  3:58  SCV, Hellion  
  38  4:00  Hellion  
  43  4:03  SCV  
  43  4:06  Factory Tech Lab  
  43  4:08  Factory Tech Lab  
  44  4:10  SCV  
  44  4:15  SCV  
  46  4:22  SCV  
  47  4:27  SCV  
  48  4:37  Cyclone x2  
  54  4:44  Supply Depot x2  
  54  4:45  Refinery  
  54  4:46  Mag-Field Accelerator  
  54  4:47  Factory Reactor  
  54  5:01  Infernal Pre-Igniter  
  54  5:05  SCV x2  
  56  5:08  Refinery  
  56  5:09  Cyclone  
  56  5:12  Supply Depot  
  59  5:14  Supply Depot  
  59  5:17  SCV  
  59  5:18  SCV  
  61  5:21  Cyclone  
  61  5:24  Hellion  
  66  5:30  SCV x2  
  68  5:38  Armory  
  68  5:42  SCV x2  
  60  5:51  Cyclone  
  60  5:52  Hellion  
  60  5:53  Hellion x2  
  60  5:54  SCV, Cyclone  
  73  5:57  SCV  
  74  6:05  Supply Depot x2  
  74  6:06  SCV  
  74  6:10  Hellion  
  77  6:14  Hellion x2  
  77  6:18  Hellion  
  85  6:28  Supply Depot  
  85  6:29  Supply Depot  
  85  6:30  Hellion  
  85  6:46  Hellbat x4  
  91  6:53  Hellion x2  
  81  7:22  Hellbat x3  
  72  7:23  Hellion x3  
  74  7:44  Hellion x4, Cyclone x2  
  88  8:05  Hellion  
  90  8:11  Hellion  
  90  8:12  Hellion x2  
Tags
 
Add a new tag
Caveats
  • Supply blocks, unpowered buildings, or Contaminate may cause inaccurate times.
  • Supply counts are checked every 10 seconds.